 Dungeon Crawl Stone Soup version 0.24.1-14-gf8d2b509d9 (console) character file.

Game seed: 16365715554788580235, levelgen mode: deterministic

206161 Kagalorn the Severer (level 18, -5/159 HPs)
             Began as a Minotaur Wanderer on Feb 26, 2021.
             Was the Champion of Cheibriados.
             Killed by the air
             ... invoked by a wind drake
              (26 damage)
             ... on level 3 of the Shoals.
             The game lasted 01:30:13 (37589 turns).

Kagalorn the Severer (Minotaur Wanderer)           Turns: 37589, Time: 01:30:14

Health: -5/159     AC: 22    Str: 35    XL:     18   Next: 6%
Magic:  18/28      EV: 18    Int: 27    God:    Cheibriados [******]
Gold:   423        SH: 25    Dex: 27    Spells: 17/17 levels left

rFire    . . .     SeeInvis .   a - +0 broad axe (protect)
rCold    . . .     Gourm    .   L - +0 large shield
rNeg     . . .     Faith    +   f - +3 chain mail {rPois}
rPois    +         Spirit   .   (helmet restricted)
rElec    .         Reflect  .   N - +0 cloak (curse)
rCorr    .         Harm     .   r - +0 pair of gloves
MR       ++...                  v - +0 pair of boots {Fly}
Stlth    ..........             k - amulet of faith
HPRegen  0.36/turn              o - +2 ring of protection
MPRegen  0.21/turn              U - ring of protection from magic

@: flying, very slightly contaminated, very slow
A: retaliatory headbutt, horns 2
}: 1/15 runes: serpentine
a: Bend Time, Temporal Distortion, Slouch, Step From Time, Renounce Religion,
Stop Flying


You were on level 3 of the Shoals.
You worshipped Cheibriados.
Cheibriados was exalted by your worship.
You were very hungry.

You visited 6 branches of the dungeon, and saw 31 of its levels.
You also visited: Bailey and Ice Cave.

You collected 3243 gold pieces.
You spent 2820 gold pieces at shops.

Inventory:

Hand Weapons
 a - a +0 broad axe of protection (weapon)
Missiles
 g - 37 javelins (quivered)
 s - 24 silver javelins
 z - 20 curare-tipped darts
 I - 8 throwing nets
Armour
 f - a +3 chain mail of poison resistance (worn)
 r - a +0 pair of gloves (worn)
 v - a +0 pair of boots of flying (worn)
 L - a +0 large shield (worn)
 N - a cursed +0 cloak (worn)
Jewellery
 b - an uncursed ring of protection from cold
 e - an uncursed ring of protection from fire
 k - an amulet of faith (around neck)
 n - an uncursed ring of positive energy
 o - a +2 ring of protection (left hand)
 u - an uncursed ring of resist corrosion
 U - a ring of protection from magic (right hand)
 Y - an uncursed ring of protection from fire
Wands
 m - a wand of iceblast (40)
 t - a wand of digging (13)
 A - a wand of acid (14)
 C - a wand of enslavement (16)
 O - a wand of paralysis (30)
 P - a wand of polymorph (18)
 Q - a wand of scattershot (14)
Scrolls
 c - 6 scrolls of enchant armour
 j - 7 scrolls of amnesia
 l - 3 scrolls of fog
 x - 15 scrolls of teleportation
 y - 3 scrolls of fear
 F - 5 scrolls of magic mapping
 G - 10 scrolls of identify
 K - 6 scrolls of blinking
 M - 7 scrolls of remove curse
 S - 3 scrolls of enchant weapon
 V - a scroll of silence
Potions
 h - 4 potions of magic
 i - 6 potions of brilliance
 p - 4 potions of resistance
 q - 7 potions of heal wounds
 B - 3 potions of agility
 D - 5 potions of might
 H - 16 potions of curing
 J - 3 potions of cancellation
 R - 9 potions of lignification
 W - 2 potions of invisibility
 Z - 2 potions of mutation
Miscellaneous
 E - 2 phantom mirrors
 T - a lamp of fire
 X - 3 boxes of beasts
Comestibles
 d - 55 rations


   Skills:
 + Level 13.9 Fighting
 - Level 18.0 Axes
 + Level 9.0 Throwing
 + Level 13.9 Armour
 - Level 10.0 Dodging
 + Level 17.6 Shields
 + Level 14.9 Invocations


You had 17 spell levels left.
You didn't know any spells.
Your spell library contained the following spells:

 Spells                   Type           Power        Failure   Level  Hunger
 Animate Skeleton         Necr           N/A          65%         1    ##.....
 Beastly Appendage        Tmut           #.....       65%         1    ##.....
 Flame Tongue             Conj/Fire      #....        65%         1    ##.....
 Freeze                   Ice            #...         65%         1    ##.....
 Infusion                 Chrm           #...         65%         1    ##.....
 Magic Dart               Conj           #...         65%         1    ##.....
 Pain                     Necr           #...         65%         1    ##.....
 Sting                    Conj/Pois      #...         65%         1    ##.....
 Blink                    Tloc           N/A          80%         2    ###....
 Ensorcelled Hibernation  Hex/Ice        #.....       80%         2    ###....
 Poisonous Vapours        Pois/Air       #.....       80%         2    ###....
 Searing Ray              Conj           #.....       80%         2    ###....
 Shroud of Golubria       Chrm/Tloc      #.....       80%         2    ###....
 Song of Slaying          Chrm           #.......     80%         2    ###....
 Sticks to Snakes         Tmut           #.......     80%         2    ###....
 Throw Flame              Conj/Fire      #.....       80%         2    ###....
 Throw Frost              Conj/Ice       #.....       80%         2    ###....
 Conjure Flame            Conj/Fire      #.......     95%         3    ####...
 Dazzling Spray           Conj/Hex       #.....       95%         3    ####...
 Gell's Gravitas          Tloc           #.........   95%         3    ####...
 Inner Flame              Hex/Fire       #.......     95%         3    ####...
 Lesser Beckoning         Tloc           #.........   95%         3    ####...
 Mephitic Cloud           Conj/Pois/Air  #.......     95%         3    ####...
 Regeneration             Chrm/Necr      #.........   95%         3    ####...
 Spectral Weapon          Hex/Chrm       #.......     95%         3    ####...
 Spider Form              Tmut/Pois      #.........   95%         3    ####...
 Teleport Other           Tloc           #.......     95%         3    ####...
 Vampiric Draining        Necr           #.........   95%         3    ####...
 Animate Dead             Necr           N/A          100%        4    #####..
 Force Lance              Conj/Tloc      #.......     100%        4    #####..
 Fulminant Prism          Conj/Hex       #.........   100%        4    #####..
 Ice Form                 Ice/Tmut       #.......     100%        4    #####..
 Iskenderun's Mystic Bla  Conj           #.......     100%        4    #####..
 Olgreb's Toxic Radiance  Pois           #.......     100%        4    #####..
 Passage of Golubria      Tloc           N/A          100%        4    #####..
 Petrify                  Tmut/Erth      #.......     100%        4    #####..
 Sticky Flame             Conj/Fire      #.......     100%        4    #####..
 Throw Icicle             Conj/Ice       #.......     100%        4    #####..
 Alistair's Intoxication  Tmut/Pois      #.......     100%        5    ######.
 Blade Hands              Tmut           #.........   100%        5    ######.
 Fireball                 Conj/Fire      #.........   100%        5    ######.
 Metabolic Englaciation   Hex/Ice        #.........   100%        5    ######.
 Venom Bolt               Conj/Pois      #.........   100%        5    ######.
 Yara's Violent Unravell  Hex/Tmut       #.........   100%        5    ######.
 Bolt of Cold             Conj/Ice       #.........   100%        6    #######
 Freezing Cloud           Conj/Ice/Air   #.........   100%        6    #######
 Ozocubu's Refrigeration  Ice            #.........   100%        6    #######
 Simulacrum               Ice/Necr       #.........   100%        6    #######


Dungeon Overview and Level Annotations

Branches:
Dungeon (15/15)            Temple (1/1) D:7            Lair (6/6) D:8
 Shoals (3/4) Lair:4        Snake (4/4) Lair:2        Slime (0/5) Lair:6
    Orc (2/2) D:9             Elf (0/3) Orc:2        Vaults (0/5) D:13
 Depths (0/5) D:15         Bailey (visited)           IceCv (visited)

Altars:
Ashenzari
Cheibriados
Dithmenos
Elyvilon
Fedhas
Gozag
Hepliaklqana
Kikubaaqudgha
Makhleb
Nemelex Xobeh
Okawaru
Qazlal
Ru
Sif Muna
Trog
Uskayaw
Vehumet
Wu Jian
Xom
Yredelemnul
Zin
The Shining One
Jiyva

Shops:
D:9 ?   D:13 =   D:15 (   Orc:1 [}   Orc:2 !!=}%   Snake:1 (*   Snake:4 }==

Annotations:
D:4 2 runed translucent doors, jf82's ghost, amateur HOMo
D:14 2 transporters, Bonwiel's ghost, journeyman DEFE
Snake:4 Mara


Innate Abilities, Weirdness & Mutations

You reflexively headbutt those who attack you in melee.
You have a pair of horns on your head.


Message History

Press: ? - help, v - describe, . - travel
Here: an alligator snapping turtle (water, lightly wounded) Some deep water.
Blink to where?
Press: ? - help, Dir - move target cursor You are very lightly contaminated with residual magic.
As you read the scroll of blinking, it crumbles to dust.
A manticore comes into view.
* * * LOW HITPOINT WARNING * * *
You feel sick.
You feel better.
The manticore flicks its tail.
You block the volley of spikes.
You step out of the flow of time.
You return to the normal time flow.
You are feeling very hungry.
A wind drake comes into view.
The wind drake hisses angrily.
The wind drake flaps its wings at you.
The air twists around and violently strikes you in flight!!
You die...

≈≈≈≈≈≈≈≈≈≈≈≈≈≈.≈≈≈≈≈≈
≈≈≈≈≈≈≈≈≈≈tE≈≈..≈≈≈≈≈
≈≈≈≈≈≈≈)≈)#m≈##..≈≈≈≈
≈≈≈≈≈≈≈≈.##ct##..E≈.≈
≈≈≈k≈≈≈≈.###Emmm..m.≈
≈≈≈≈≈≈≈<.# #c.......≈
≈≈≈≈≈≈≈..##......E...
≈≈≈≈≈≈≈..####....###.
≈≈≈≈≈≈≈.@# #....#
≈≈≈≈≈≈≈≈.# #(..##
...≈≈≈≈≈.# #####
#..≈≈≈≈≈.# #.≈≈≈≈≈≈..
.≈≈P≈≈≈≈..
.≈P≈≈P≈...#
≈P≈≈≈≈....#
≈≈≈≈P.#####


You could see a wind drake.

Vanquished Creatures
  Vashnia (Snake:4)
  Jorgrun (D:15)
  Rupert (Lair:3)
  Kirke (D:14)
  Frances (D:12)
  Donald (Snake:1)
  A tengu reaver (D:12)
  A storm dragon (D:12)
  5 nagarajas (Snake:4)
  Louise (D:14)
  2 frost giants
  The ghost of Riymurr the Phalangite, a journeyman MfMo of Hepliaklqana (Lair:5)
  Snorg (D:10)
  2 merfolk javelineers
  3 merfolk impalers (Shoals:2)
  3 hydras
  15 naga warriors
  Erica (D:7)
  6 centaur warriors
  7 anacondas
  2 merfolk aquamancers
  2 merfolk avatars
  3 death yaks (IceCv)
  A death knight (D:15)
  An ogre mage (D:13)
  6 two-headed ogres
  2 satyrs (Shoals:2)
  7 shock serpents
  11 naga sharpshooters
  5 skeletal warriors (D:14)
  2 salamander mystics (Snake:4)
  A wizard (D:11)
  5 sea snakes
  9 naga ritualists
  Pikel (D:8)
  8 harpies (Shoals:2)
  2 orc sorcerers (Orc:1)
  6 deep elf magi
  A wolf spider (D:12)
  5 ugly things
  4 manticores
  6 mana vipers
  12 orc knights
  6 fauns
  3 oklob plants
  4 cyclopes
  5 salamanders
  5 merfolk sirens
  20 elephants
  15 naga magi
  31 black mambas
  3 water nymphs
  9 guardian serpents
  Psyche (D:8)
  An ice statue (IceCv)
  Joseph (D:10)
  A torpor snail (Lair:4)
  5 spiny frogs
  A centaur skeleton (D:12)
  3 rime drakes
  3 gargoyles
  12 komodo dragons
  6 yaktaurs
  4 kobold demonologists
  An efreet (D:13)
  A redback zombie (D:15)
  3 wind drakes
  14 merfolk
  3 hornets
  2 meliai (D:13)
  7 trolls
  A wolf spider simulacrum (D:15)
  13 blink frogs
  18 polar bears
  14 slime creatures
  13 dream sheep
  12 hippogriffs
  2 snapping turtles (Shoals:1)
  2 water elementals
  2 shadows
  13 spriggans (Lair:6)
  4 wyverns
  2 vampires
  3 wraiths
  6 basilisks
  5 hungry ghosts
  46 yaks
  A hog (D:14)
  2 steam dragons
  3 vampire mosquitoes (D:15)
  4 wargs
  An acid dragon (D:14)
  62 nagas
  11 water moccasins
  2 porcupines
  A sky beast (D:15)
  39 orc warriors
  2 hornet zombies (D:13)
  6 ice beasts
  2 eyes of draining (D:12)
  2 phantoms
  6 black bears
  A necrophage (D:15)
  7 ogres
  4 boggarts (Lair:6)
  An ogre (shapeshifter) (D:11)
  18 centaurs
  34 wolves
  11 crocodiles
  2 big kobolds
  A wyvern zombie (D:13)
  Blork the orc (D:6)
  18 bullfrogs
  A gnoll sergeant (D:8)
  A water moccasin skeleton (D:5)
  A hornet simulacrum (D:15)
  5 scorpions
  21 killer bees
  4 wights (D:12)
  2 howler monkeys
  5 electric eels (Lair:4)
  5 centaur zombies
  9 crimson imps
  A quasit (D:12)
  5 bullfrog zombies
  5 jellies
  8 hounds
  11 orc priests
  17 orc wizards
  9 iguanas
  Ijyb (D:4)
  4 bullfrog skeletons
  13 worker ants
  A hound zombie (D:5)
  A worker ant zombie (D:5)
  Robin (D:4)
  A howler monkey skeleton (D:5)
  8 gnolls
  16 adders
  6 shadow imps
  A white imp (D:5)
  6 oozes
  An adder skeleton (D:5)
  3 adder zombies
  A worm (D:4)
  A dart slug (D:3)
  5 leopard geckos
  103 orcs
  2 bats (D:1)
  8 giant cockroaches
  14 goblins
  11 hobgoblins
  5 jackals
  24 kobolds
  2 quokkas
  3 ball pythons
  2 frilled lizards
  A leopard gecko zombie (D:8)
  A quokka zombie (D:9)
  7 rats
  A bush (Lair:5)
  4 fungi
  6 plants
1099 creatures vanquished.

Vanquished Creatures (others)
  A deep elf mage (D:14)
  2 humans (D:14)
  2 slaves (D:8)
  An ogre (D:14)
  A hound (D:8)
  An orc wizard (D:8)
  A worker ant zombie (D:8)
  2 orcs (D:8)
  A kobold (D:14)
  17 fungi
  51 plants
80 creatures vanquished.

Grand Total: 1179 creatures vanquished

Notes
Turn   | Place    | Note
-------+----------+-------------------------------------------
     0 | D:1      | Kagalorn the Minotaur Wanderer began the quest for the Orb.
     0 | D:1      | Kagalorn set off with the following items: a +2 spear, 2
                  | scrolls of teleportation, a +0 robe, a ration
     0 | D:1      | Reached XP level 1. HP: 24/24 MP: 0/0
   303 | D:1      | Reached XP level 2. HP: 30/30 MP: 1/1
   410 | D:1      | Reached skill level 1 in Dodging
   783 | D:2      | Reached XP level 3. HP: 14/38 MP: 2/2
  1222 | D:2      | Found an ancient bone altar of Kikubaaqudgha.
  1222 | D:2      | Found a radiant altar of Vehumet.
  1328 | D:2      | Found a shimmering blue altar of Sif Muna.
  1616 | D:2      | Reached XP level 4. HP: 17/45 MP: 3/3
  2466 | D:4      | Noticed Ijyb
  2481 | D:4      | Killed Ijyb
  2481 | D:4      | Reached XP level 5. HP: 44/51 MP: 4/4
  2536 | D:4      | Reached skill level 5 in Armour
  2537 | D:4      | Found a large runed translucent door.
  2541 | D:4      | Found a large runed translucent door.
  2543 | D:4      | Noticed jf82's ghost (amateur HOMo)
  2667 | D:4      | Reached XP level 6. HP: 46/60 MP: 3/5
  2993 | D:4      | Noticed Robin
  2999 | D:4      | Killed Robin
  3407 | D:5      | Entered Level 5 of the Dungeon
  3594 | D:5      | Reached XP level 7. HP: 42/66 MP: 4/6
  4005 | D:5      | Reached skill level 5 in Shields
  4681 | D:6      | Found a snail-covered altar of Cheibriados.
  4692 | D:6      | Became a worshipper of Cheibriados the Contemplative
  4755 | D:6      | Reached XP level 8. HP: 70/74 MP: 7/7
  4810 | D:6      | Reached skill level 5 in Dodging
  4915 | D:6      | Noticed Blork the orc
  4927 | D:6      | Killed Blork the orc
  4927 | D:6      | Reached skill level 1 in Invocations
  5521 | D:7      | Reached * piety under Cheibriados
  5824 | D:7      | Found a staircase to the Ecumenical Temple.
  5873 | Temple   | Entered the Ecumenical Temple
  6123 | D:7      | Found a basalt altar of Yredelemnul.
  6432 | D:8      | Got a distressingly furry scale mail
  6443 | D:8      | Identified the +4 scale mail "Nyth" {Int+7} (You found it
                  | on level 8 of the Dungeon)
  6536 | D:8      | Reached XP level 9. HP: 83/83 MP: 10/10
  6551 | D:8      | Reached ** piety under Cheibriados
  6936 | D:8      | Noticed Pikel
  6964 | D:8      | Killed Pikel
  7018 | D:8      | Noticed Erica
  7407 | D:7      | Found a basalt altar of Yredelemnul.
  7448 | D:7      | Found a staircase to the Ecumenical Temple.
  7686 | D:7      | Killed Erica
  7686 | D:7      | Reached skill level 10 in Fighting
  8128 | D:8      | Noticed a komodo dragon
  8141 | D:8      | Killed a komodo dragon
  8141 | D:8      | Reached XP level 10. HP: 66/93 MP: 7/12
  8145 | D:8      | Found a staircase to the Lair.
  8272 | D:8      | Reached skill level 5 in Invocations
  8451 | D:9      | Noticed Psyche
  8463 | D:8      | Killed Psyche
  8463 | D:8      | Reached *** piety under Cheibriados
  8641 | D:9      | Found a shattered altar of Ashenzari.
  8641 | D:9      | Found a shimmering altar of Xom.
  8641 | D:9      | Found a sacrificial altar of Ru.
  8713 | D:9      | Found a hide-covered altar of Uskayaw.
  8716 | D:9      | Found Hasuc's Magic Scroll Emporium.
  8731 | D:9      | Bought a scroll of enchant weapon for 90 gold pieces
  8731 | D:9      | Bought a scroll of teleportation for 36 gold pieces
  8731 | D:9      | Bought a scroll of teleportation for 36 gold pieces
  8731 | D:9      | Bought a scroll of enchant armour for 90 gold pieces
  8731 | D:9      | Bought a scroll of brand weapon for 240 gold pieces
  8796 | D:9      | Found a blossoming altar of Fedhas.
  9068 | D:9      | Found a staircase to the Orcish Mines.
  9068 | D:9      | Noticed a two-headed ogre
  9349 | D:9      | Killed a two-headed ogre
  9349 | D:9      | Reached skill level 2 in Axes
  9597 | D:9      | Reached skill level 3 in Axes
  9711 | D:10     | Entered Level 10 of the Dungeon
  9712 | D:10     | Reached **** piety under Cheibriados
  9714 | D:10     | Noticed Sonja
  9731 | D:10     | Noticed Sonja
  9731 | D:10     | Sonja changed into Sonja the rime drake
  9735 | D:10     | Killed Sonja the rime drake
 10012 | D:10     | Reached skill level 4 in Axes
 10122 | D:10     | Noticed a seven-headed hydra
 10122 | D:10     | Noticed a centaur warrior
 10132 | D:10     | Noticed a manticore
 10142 | D:10     | Noticed a manticore
 10149 | D:10     | Noticed Joseph
 10160 | D:10     | Killed Joseph
 10160 | D:10     | Reached skill level 10 in Armour
 10492 | D:10     | Reached XP level 11. HP: 83/99 MP: 10/14
 10494 | D:10     | Reached skill level 5 in Axes
 10595 | D:10     | Noticed Snorg
 10607 | D:10     | Killed Snorg
 11118 | D:10     | Reached skill level 6 in Axes
 11558 | D:11     | Noticed a deep elf mage
 11566 | D:11     | Noticed a six-headed hydra
 11571 | D:11     | Killed a deep elf mage
 11593 | D:11     | Reached skill level 10 in Shields
 11602 | D:11     | Killed a two-headed hydra
 11602 | D:11     | Reached skill level 7 in Axes
 12135 | D:11     | Reached skill level 8 in Axes
 12304 | D:11     | Noticed a two-headed ogre
 12312 | D:11     | Killed a two-headed ogre
 12382 | D:11     | Noticed a wizard
 12389 | D:11     | Killed a wizard
 13135 | D:11     | Reached skill level 9 in Axes
 13325 | D:11     | Reached ***** piety under Cheibriados
 13446 | D:11     | Noticed a brown ugly thing
 13455 | D:11     | Noticed a cyan ugly thing
 13459 | D:11     | Killed a brown ugly thing
 13459 | D:11     | Reached XP level 12. HP: 84/106 MP: 12/16
 13740 | D:12     | Reached skill level 10 in Dodging
 13979 | D:12     | Reached skill level 10 in Axes
 13985 | D:12     | Noticed Frances
 13996 | D:12     | Killed Frances
 14060 | D:12     | Noticed a two-headed ogre
 14067 | D:12     | Killed a two-headed ogre
 14197 | D:12     | Reached skill level 11 in Axes
 14489 | D:12     | Noticed a two-headed ogre
 14499 | D:12     | Killed a two-headed ogre
 14516 | D:12     | Noticed a tengu reaver
 14516 | D:12     | Noticed a storm dragon
 14877 | Lair:1   | Entered Level 1 of the Lair of Beasts
 14930 | Lair:1   | Reached skill level 12 in Axes
 15175 | Lair:1   | Reached ****** piety under Cheibriados
 15701 | Lair:2   | Reached XP level 13. HP: 112/113 MP: 19/19
 15786 | Lair:2   | Found a staircase to the Snake Pit.
 16312 | Lair:2   | Reached skill level 13 in Axes
 16725 | Lair:3   | Noticed Rupert
 16728 | Lair:3   | Paralysed by Rupert for 2 turns
 16738 | Lair:3   | Paralysed by Rupert for 3 turns
 16751 | Lair:3   | Killed Rupert
 17175 | Lair:3   | Reached skill level 10 in Invocations
 17898 | Lair:4   | Reached skill level 14 in Axes
 17919 | Lair:4   | Found a staircase to the Shoals.
 18932 | Lair:5   | Found a large runed translucent door.
 18932 | Lair:5   | Found a large runed translucent door.
 18933 | Lair:5   | Noticed Riymurr's ghost (journeyman MfMo)
 19478 | Lair:5   | Killed Riymurr's ghost
 19511 | Lair:6   | Entered Level 6 of the Lair of Beasts
 19606 | Lair:6   | Reached XP level 14. HP: 121/121 MP: 21/21
 19626 | Lair:6   | Reached skill level 15 in Axes
 19845 | Lair:6   | Identified the +4 quarterstaff "Ahaufigitez" {antimagic,
                  | rPois rN+++ MR- MP+9} (You found it on level 6 of the Lair
                  | of Beasts)
 20081 | Lair:6   | Found a viscous altar of Jiyva.
 20081 | Lair:6   | Found a staircase to the Slime Pits.
 20207 | Lair:6   | Reached skill level 16 in Axes
 21086 | D:12     | Killed a storm dragon
 21096 | D:12     | Killed a tengu reaver
 21409 | D:12     | Identified the +8 hand crossbow "Eviscerator" {flame, rElec
                  | rC+} (You found it on level 12 of the Dungeon)
 21452 | D:13     | Found a flagged portal.
 21558 | Bailey   | Entered a bailey
 22164 | D:13     | Found Ikkuschoydgh's Jewellery Shop.
 22337 | D:13     | Reached skill level 17 in Axes
 22354 | D:13     | Reached XP level 15. HP: 53/126 MP: 7/23
 22646 | D:13     | Reached skill level 15 in Shields
 22846 | D:13     | Found a gate to the Vaults.
 23185 | D:14     | Found a transporter.
 23194 | D:14     | Identified the +10 great mace of the Dark Horse {flame,
                  | MR+}
 23194 | D:14     | Noticed a fire giant
 23196 | D:14     | Noticed Bonwiel's ghost (journeyman DEFE)
 23197 | D:14     | Found a transporter.
 23204 | D:14     | Noticed Kirke
 23228 | D:14     | Killed Kirke
 23710 | D:14     | Found a sacrificial altar of Ru.
 23785 | D:14     | Identified a scroll of acquirement
 24015 | D:14     | Noticed Louise
 24037 | D:14     | Killed Louise
 24037 | D:14     | Reached skill level 18 in Axes
 24178 | D:15     | Entered Level 15 of the Dungeon
 24232 | D:15     | Found a frozen archway.
 24240 | IceCv    | Entered an ice cave
 24790 | IceCv    | Noticed a frost giant
 24812 | IceCv    | Killed a frost giant
 24836 | IceCv    | Identified the Disquisition on the Frostbite
 24892 | D:15     | Found a snail-covered altar of Cheibriados.
 24949 | D:15     | Found Rohier's Antique Weapon Emporium.
 25275 | D:15     | Noticed Jorgrun
 25298 | D:15     | Killed Jorgrun
 25829 | D:15     | Found a staircase to the Depths.
 25829 | D:15     | Noticed a frost giant
 25834 | D:15     | Killed a frost giant
 26060 | Orc:1    | Entered Level 1 of the Orcish Mines
 26252 | Orc:1    | Reached XP level 16. HP: 137/137 MP: 24/24
 26373 | Orc:1    | Found Ucsiak's Armour Boutique.
 26496 | Orc:1    | Found Bita's Gadget Emporium.
 26503 | Orc:1    | Bought a wand of digging (6) for 360 gold pieces
 26546 | Orc:2    | Entered Level 2 of the Orcish Mines
 26912 | Orc:2    | Found Fevvesch's Jewellery Shop.
 26912 | Orc:2    | Found Taom's Distillery.
 26914 | Orc:2    | Found Ciuxt's Distillery.
 26916 | Orc:2    | Found Pazurodgh's Gadget Boutique.
 26928 | Orc:2    | Bought a phantom mirror for 360 gold pieces
 26928 | Orc:2    | Bought a box of beasts for 240 gold pieces
 26930 | Orc:2    | Bought an uncursed ring of protection from magic for 400
                  | gold pieces
 26931 | Orc:2    | Bought a potion of might for 52 gold pieces
 26931 | Orc:2    | Bought a potion of lignification for 39 gold pieces
 26931 | Orc:2    | Bought 2 potions of lignification for 78 gold pieces
 26931 | Orc:2    | Bought a potion of curing for 39 gold pieces
 26931 | Orc:2    | Bought a potion of resistance for 130 gold pieces
 26933 | Orc:2    | Bought a potion of mutation for 120 gold pieces
 26933 | Orc:2    | Bought a potion of mutation for 120 gold pieces
 27088 | Orc:2    | Found a staircase to the Elven Halls.
 27132 | Orc:2    | Found Yluiqocw's Food Boutique.
 27157 | Orc:2    | Found a burning altar of Makhleb.
 27442 | Orc:2    | Bought a potion of curing for 45 gold pieces
 27442 | Orc:2    | Bought a potion of curing for 45 gold pieces
 27442 | Orc:2    | Bought a potion of resistance for 150 gold pieces
 27442 | Orc:2    | Bought a potion of curing for 45 gold pieces
 27442 | Orc:2    | Bought a potion of might for 60 gold pieces
 27442 | Orc:2    | Bought a potion of lignification for 45 gold pieces
 27637 | Snake:1  | Entered Level 1 of the Snake Pit
 27680 | Snake:1  | Identified the cursed +0 scale mail "Plog" {rC+} (You found
                  | it on level 1 of the Snake Pit)
 27779 | Snake:1  | Reached skill level 5 in Throwing
 28216 | Snake:1  | Noticed Donald
 28226 | Snake:1  | Killed Donald
 28324 | Snake:1  | Found Enoixoca's General Store.
 28324 | Snake:1  | Found Jesseism's Antique Weapon Shoppe.
 31413 | Snake:4  | Entered Level 4 of the Snake Pit
 31504 | Snake:4  | Reached XP level 17. HP: 136/148 MP: 26/26
 31508 | Snake:4  | Found Zejia's Gadget Shop.
 31508 | Snake:4  | Found Qannar's Jewellery Emporium.
 31509 | Snake:4  | Found Caytsos's Jewellery Emporium.
 32129 | Snake:4  | Noticed Mara
 32133 | Snake:4  | Noticed Kagalorn's illusion
 32246 | Snake:4  | Noticed Kagalorn's illusion
 33780 | Snake:4  | Noticed Vashnia
 33811 | Snake:4  | Killed Vashnia
 34133 | Snake:4  | Got a serpentine rune of Zot
 34501 | Snake:4  | Noticed Kagalorn's illusion
 34957 | Snake:4  | Noticed Kagalorn's illusion
 35160 | Shoals:1 | Entered Level 1 of the Shoals
 36008 | Shoals:1 | Identified Oniloist's Volume of Poisoning and
                  | Transformation
 37192 | Shoals:2 | Reached XP level 18. HP: 159/159 MP: 28/28
 37589 | Shoals:3 | Killed from afar by a wind drake

Levels and vault maps discovered:
D:1:      lightli_arrival_farm, layout_loops_ring
D:2:      layout_rooms, gammafunk_temple_overflow_elements, lemuel_doored_altar,
          first_ration
D:3:      layout_rooms, minmay_misc_feat_more_columns
D:4:      layout_basic, ebering_ghost_disaster_area, uniq_robin, uniq_ijyb
D:5:      layout_basic, serial_undead, serial_undead_c, serial_undead_a,
          serial_undead_f, serial_undead_c, minmay_fire_ice_demons
D:6:      layout_loops_cross, lemuel_coloured_pillars_altar, minivault_25,
          uniq_blork_the_orc
D:7:      layout_loops_ring, kennysheep_little_box,
          minmay_temple_entry_mini_moons
D:8:      layout_basic, david_lair_shrubbed, uniq_erica, uniq_pikel
D:9:      layout_basic, gammafunk_temple_overflow_forgotten, david_orc_2,
          serial_shops, shop, basic_altar, hangedman_little_slice_of_home,
          fedhas_ov_isle_minmay, uniq_psyche
D:10:     minmay_thinvault, layout_loops_corners, minivault_12, uniq_sonja,
          uniq_joseph, uniq_snorg
D:11:     layout_grid_maze, minmay_the_grid_square_5x5_3x3_mashed
          [minmay_the_grid_square_5x5_intrusive_squares,
          minmay_the_grid_square_5x5_three_small,
          minmay_the_grid_square_5x5_dogpile,
          minmay_the_grid_square_5x5_one_wall,
          minmay_the_grid_square_5x5_megaprize_checkered,
          minmay_the_grid_square_5x5_spiral_small,
          minmay_the_grid_square_5x5_doubleslash,
          minmay_the_grid_square_5x5_bracketed, minmay_the_grid_square_5x5_tie]
D:12:     minmay_shrinking_squares, layout_cross, uniq_frances
D:13:     minmay_crescents, layout_small_grid, enter_bailey_8, serial_shops,
          kennysheep_mini
D:14:     layout_loops_cross, gammafunk_ghost_smash, hangedman_ru_absence,
          uniq_louise, uniq_kirke
D:15:     grunt_enter_depths_snipers, layout_irregular_city, basic_altar,
          serial_shops, nicolae_shop_trees, portal_ice_cave_entry_pillars_1,
          minmay_misc_feat_columns, uniq_jorgrun
Temple:   eino_narrow_crystal_temple
Lair:1:   minmay_lair_venomous_thicket, layout_small_grid
Lair:2:   layout_cave_pods, minmay_snake_entry_six_corridors,
          small_statue_intersection, lemuel_fruit_fields
Lair:3:   layout_cave_shapes, chequers_serial_rivers_micro_b, uniq_rupert
Lair:4:   layout_gridlike, elwin_shoals_entry_stream, serial_bayou_lake_a,
          serial_bayou_shore_a, grunt_megastairs_2, infiniplex_staircase_pool
Lair:5:   layout_loops_ring, ebering_ghost_disaster_area
Lair:6:   minmay_lair_end_enchanted_forest, layout_loops_ring,
          dpeg_slime_entry_enclosed_altar, grunt_megastairs_4, lemuel_fruit_tree
Shoals:1: layout_shoals, nicolae_shoals_this_corrosion
Shoals:2: layout_shoals
Shoals:3: layout_shoals, lemuel_centaur_altar
Snake:1:  layout_layer_cave, minmay_shoptagon, grunt_megastairs_1, uniq_donald
Snake:2:  layout_cave_shapes, nicolae_coiled_stairwell_down,
          serial_bayou_shore_b
Snake:3:  layout_chambers
Snake:4:  johnstein_snake_rune_scales, layout_layer_cave, minmay_shop_grove,
          uniq_mara
Orc:1:    layout_caves, serial_shops,
          nicolae_shop_temple_entry_statues_fountains, shop_fountains
Orc:2:    st_orc_rangers, layout_diamond_mine, serial_shops, shop, basic_altar

Skill      XL: |  1  2  3  4  5  6  7  8  9 10 11 12 13 14 15 16 17 18 |
---------------+-------------------------------------------------------+-----
Armour         | 4 5 6 7 9 10 11 12 13 | 13.9
Dodging        | 1 2 3 4 6 7 8 9 10 | 10.0
Shields        | 2 3 4 5 6 8 9 10 12 13 14 15 16 17 | 17.6
Fighting       | 7 8 9 10 11 12 13 | 13.9
Invocations    | 3 4 6 7 9 10 12 13 14 | 14.9
Axes           | 4 9 12 14 17 18 | 18.0
Throwing       | 4 6 8 9 |  9.0

Action                   |  1- 3 |  4- 6 |  7- 9 | 10-12 | 13-15 | 16-18 || total
-------------------------+-------+-------+-------+-------+-------+-------++-------
Melee: Spear             |   107 |   220 |   436 |    68 |       |       ||   831
       Headbutt          |    10 |    31 |   104 |   205 |   418 |   435 ||  1203
       Broad axe         |       |       |       |   469 |  1173 |  1129 ||  2771
       Scimitar          |       |       |       |     7 |     7 |       ||    14
       Unarmed           |       |       |       |       |    15 |       ||    15
Throw: Boomerang         |       |       |       |     6 |       |       ||     6
       Dart              |       |       |       |       |     4 |       ||     4
       Javelin           |       |       |       |       |    12 |    12 ||    24
Invok: Slouch            |       |       |       |     1 |     3 |     5 ||     9
       Bend Time         |       |       |       |       |     1 |       ||     1
       Temporal Distorti |       |       |       |       |       |     1 ||     1
       Step From Time    |       |       |       |       |       |     1 ||     1
Evoke: Wand              |       |       |     6 |     7 |    15 |       ||    28
       Box of beasts     |       |       |       |       |     1 |       ||     1
  Use: Scroll            |       |    12 |     5 |    13 |    14 |     5 ||    49
       Potion            |       |       |     3 |     1 |     2 |     2 ||     8
 Stab: Paralysed         |       |       |    14 |       |     4 |       ||    18
       Distracted        |       |       |       |     1 |       |       ||     1
  Eat: Chunk             |     2 |     4 |     5 |    10 |    12 |     3 ||    36
       Ration            |       |     1 |     2 |     1 |     3 |     5 ||    12
Armor: Robe              |     5 |       |       |       |       |       ||     5
       Ring mail         |    13 |    16 |       |       |       |       ||    29
       Plate armour      |       |   130 |   243 |   229 |    18 |       ||   620
       Skin              |       |       |    18 |       |       |       ||    18
       Chain mail        |       |       |       |       |   216 |   249 ||   465
Dodge: Dodged            |    32 |    38 |   110 |   332 |   586 |   497 ||  1595
Block: Shield            |    30 |   124 |   287 |   570 |   744 |       ||  1755
       Large shield      |       |       |       |       |   281 |  1506 ||  1787
       Rpst.: Scimitar   |       |       |       |     1 |     2 |       ||     3
